 Dungeon Crawl Stone Soup version 0.28.0 (webtiles) character file.

Game seed: 4162693022216172932

2071 browni3141 the Cleaver (level 9, 0/79 HPs)
             Began as a Minotaur Berserker on Feb 17, 2022.
             Was a Priest of Trog.
             Slain by a two-headed ogre (11 damage)
             ... on level 7 of the Dungeon.
             The game lasted 00:03:01 (6994 turns).

browni3141 the Cleaver (Minotaur Berserker)         Turns: 6994, Time: 00:03:02

Health: 0/79       AC: 10    Str: 27    XL:     9   Next: 5%
Magic:  8/8        EV:  9    Int:  4    God:    Trog [***...]
Gold:   376        SH:  5    Dex: 11    Spells: 8/8 levels left

rFire   . . .      SeeInvis .   k - +4 hand axe of Mana {freeze, rN+ Dex+2}
rCold   . . .      Faith    .   u - +0 buckler {rN+}
rNeg    + + .      Spirit   .   n - +0 chain mail
rPois   .          Reflect  .   (helmet restricted)
rElec   .          Harm     .   (no cloak)
rCorr   .          Rampage  .   (no gloves)
Will    ++...                   (no boots)
Stlth   ..........              (no amulet)
HPRegen 1.23/turn               (no ring)
MPRegen 0.11/turn               (no ring)

@: strong-willed, on berserk cooldown, regenerating, slowed, very slow
A: horns 2, retaliatory headbutt
a: Renounce Religion, Berserk, Trog's Hand


You were on level 7 of the Dungeon.
You worshipped Trog.
Trog was most pleased with you.
You visited 1 branch of the dungeon, and saw 7 of its levels.

You collected 376 gold pieces.


Innate Abilities, Weirdness & Mutations

You have a pair of horns on your head.
You reflexively headbutt those who attack you in melee.


   Skills:
 + Level 7.4 Fighting
 * Level 10.0 Axes
 + Level 7.0 Armour
 - Level 2.1 Dodging
 + Level 5.2 Shields


You had 8 spell levels left.
You didn't know any spells.
Your spell library was empty.

Inventory:

Hand Weapons
 a - a +0 hand axe
 k - the +4 hand axe of Mana (weapon) {freeze, rN+ Dex+2}
   (You found it on level 3 of the Dungeon)

   It freezes those it strikes, dealing additional cold damage.
   It can also slow down cold-blooded creatures.
   Dex:       It affects your dexterity (+2).
   rN:        It protects you from negative energy.
Armour
 b - a +0 animal skin
 j - a +0 buckler
 n - a +0 chain mail (worn)
 u - a +0 buckler of positive energy (worn)
Scrolls
 d - a scroll of fog {unknown}
 e - 3 scrolls of vulnerability {unknown}
 f - 5 scrolls of identify {unknown}
 g - a scroll of amnesia {unknown}
 h - 3 scrolls of fear {unknown}
 i - 2 scrolls of magic mapping {unknown}
 l - a scroll of noise {unknown}
 q - 2 scrolls of enchant armour {unknown}
 r - a scroll of immolation {unknown}
 s - 2 scrolls of teleportation {unknown}
 t - a scroll of blinking {unknown}
Potions
 c - 7 potions of curing {unknown}
 m - a potion of resistance {unknown}
 p - a potion of might {unknown}

Dungeon Overview and Level Annotations

Branches:
Dungeon (7/15)
 Temple: D:4-7

Altars:
Ashenzari
Nemelex Xobeh
Sif Muna
Vehumet

Shops:
D:1

:
####....##....
..##..........
#.##........#
#.##..!.....#
#.#....###....
##....#<.# ...
#..<).#..... .
¦O¦...###...#
¦@¦#### #>.#
¦¦¦ #... ...


You could see a two-headed ogre.


Message History

You're still recovering from your berserk rage.
Unknown command.
Throw: throwing net
Press: ? - help, Q - select action, (/) - cycle Shift-Dir - straight line, f - two-headed ogre
Aim: a two-headed ogre, wielding two +0 giant clubs (74% to hit)
Okay, then.
You are too injured to fight recklessly!
Throw: throwing net
Press: ? - help, Q - select action, (/) - cycle Shift-Dir - straight line, f - two-headed ogre
Aim: a two-headed ogre, wielding two +0 giant clubs (74% to hit)
You throw a throwing net.
The throwing net hits the two-headed ogre.
The two-headed ogre is caught in the net!
The two-headed ogre struggles against the net. x2
Unknown command.
You are too injured to fight recklessly!
You hit the two-headed ogre. You freeze the two-headed ogre.
You headbutt the two-headed ogre, but do no damage.
The two-headed ogre is lightly wounded.
The two-headed ogre struggles against the net.
Your skin crawls.
You feel strong-willed.
The two-headed ogre struggles against the net. x2
The net rips apart, and the two-headed ogre comes free!
Unknown command.
You hit the two-headed ogre but do no damage.
The two-headed ogre is lightly wounded.
You block the two-headed ogre's attack.
The two-headed ogre hits you with a +0 giant club!
You die...

Skill      XL: |  1  2  3  4  5  6  7  8 |
---------------+-------------------------+-----
Axes           | 4 5 6 7 8 10 | 10.0
Fighting       | 4 5 6 7 |  7.4
Armour         | 3 4 5 7 |  7.0
Shields        | 1 3 5 |  5.2
Dodging        | |  2.1

Action                   |  1- 3 |  4- 6 |  7- 9 || total
-------------------------+-------+-------+-------++-------
Melee: Hand axe          |    48 |   112 |    91 ||   251
       Headbutt          |     6 |    16 |    13 ||    35
Throw: Throwing net      |       |       |     1 ||     1
Invok: Berserk           |     2 |     4 |     7 ||    13
       Trog's Hand       |       |       |     1 ||     1
 Stab: Sleeping          |       |     2 |       ||     2
Armor: Animal skin       |     8 |     6 |       ||    14
       Chain mail        |       |     9 |    51 ||    60
Dodge: Dodged            |    31 |    63 |    47 ||   141
Block: Buckler           |       |    10 |    17 ||    27

Levels and vault maps discovered:
D:1:      minmay_arrival_jagged, layout_rooms,
          dreamdust_ecumenical_altar_hidden_monk_grotto, serial_shops,
          nicolae_shop_trees, serial_glass, glass_columns_c, glass_columns_c
D:2:      minmay_alternating_diamond, layout_basic, minmay_box_of_dots,
          uniq_jessica
D:3:      layout_loops_ring, minmay_misc_feat_four_crosses,
          minmay_three_crescents, uniq_terence, uniq_crazy_yiuf_cottage
D:4:      layout_cave_pools
D:5:      layout_loops_ring, nicolae_overflow_crystal_walls,
          nemelex_diamond_rough_becter
D:6:      layout_rooms, gammafunk_temple_overflow_pools
D:7:      layout_cave_pools, minmay_temple_entry_tees, serial_co_window_serial,
          co_window_of_opportunity_a, co_window_corner_a, co_window_paths_a,
          co_window_corner_a, co_window_of_opportunity_a, co_window_corner_b,
          co_window_corner_b, co_window_unsneaky_path_c, co_window_corner_b,
          co_window_4corner_a, glass_columns_a, serial_shops,
          nicolae_inconvenience_store,
          hangedman_abyss_or_decor_jellyfish_corner, minmay_microvault

Notes
Turn   | Place    | Note
-------+----------+-------------------------------------------
     0 | D:1      | browni3141 the Minotaur Berserker began the quest for the
                  | Orb.
     0 | D:1      | Reached XP level 1. HP: 19/19 MP: 0/0
   106 | D:1      | Found Qiprutal's Book Emporium.
   269 | D:1      | Reached skill level 4 in Axes
   271 | D:1      | Reached XP level 2. HP: 10/27 MP: 1/1
   808 | D:1      | Found a faded altar of an unknown god.
   850 | D:1      | Reached skill level 4 in Fighting
   850 | D:1      | Reached skill level 3 in Armour
   875 | D:1      | Reached XP level 3. HP: 31/33 MP: 2/2
  1145 | D:2      | Reached ** piety under Trog
  1317 | D:2      | Noticed a scorpion
  1325 | D:2      | Killed a scorpion
  1326 | D:2      | Reached skill level 5 in Axes
  1326 | D:2      | Reached XP level 4. HP: 29/41 MP: 3/3
  1497 | D:2      | Reached XP level 5. HP: 31/47 MP: 4/4
  1997 | D:2      | Noticed Jessica
  2005 | D:2      | Killed Jessica
  2227 | D:2      | Reached skill level 4 in Armour
  2533 | D:3      | Reached skill level 6 in Axes
  2545 | D:3      | Identified the +4 hand axe of Mana {freeze, rN+ Dex+2}
  2638 | D:3      | Reached skill level 5 in Fighting
  2640 | D:3      | Reached *** piety under Trog
  2825 | D:3      | Noticed Terence
  2832 | D:3      | Killed Terence
  2833 | D:3      | Reached XP level 6. HP: 22/56 MP: 5/5
  3184 | D:3      | Noticed an orc warrior
  3192 | D:3      | Killed an orc warrior
  3193 | D:3      | Reached skill level 1 in Shields
  3811 | D:4      | Reached skill level 7 in Axes
  4057 | D:4      | Reached XP level 7. HP: 59/61 MP: 6/6
  4190 | D:4      | Reached skill level 2 in Shields
  4262 | D:4      | Reached skill level 5 in Armour
  4629 | D:5      | Entered Level 5 of the Dungeon
  4680 | D:5      | Found a radiant altar of Vehumet.
  4774 | D:5      | Found a sparkling altar of Nemelex Xobeh.
  5159 | D:5      | Reached skill level 6 in Fighting
  5447 | D:6      | Reached skill level 8 in Axes
  5447 | D:6      | Reached skill level 3 in Shields
  5778 | D:6      | Reached XP level 8. HP: 55/71 MP: 7/7
  6195 | D:6      | Reached skill level 6 in Armour
  6202 | D:6      | Reached skill level 4 in Shields
  6464 | D:6      | Found a broken altar of Ashenzari.
  6465 | D:6      | Found a shimmering blue altar of Sif Muna.
  6474 | D:6      | Reached skill level 9 in Axes
  6717 | D:6      | Reached skill level 7 in Fighting
  6954 | D:7      | Noticed a purple ugly thing
  6963 | D:7      | Killed a purple ugly thing
  6964 | D:7      | Reached skill level 10 in Axes
  6964 | D:7      | Reached skill level 7 in Armour
  6964 | D:7      | Reached skill level 5 in Shields
  6964 | D:7      | Reached XP level 9. HP: 79/79 MP: 8/8
  6981 | D:7      | Noticed a two-headed ogre
  6988 | D:7      | HP: 7/79 [two-headed ogre (23)]
  6994 | D:7      | Slain by a two-headed ogre

Vanquished Creatures
  An ugly thing (D:7)
  A steam dragon (D:6)
  2 water moccasins (D:6)
  An orc warrior (D:3)
  2 black bears (D:6)
  3 ogres
  A gnoll sergeant (D:6)
  A scorpion (D:2)
  A bullfrog zombie (D:5)
  4 hounds
  An orc priest (D:4)
  A jelly (D:6)
  2 gnoll shamans
  Jessica (D:2)
  An iguana (D:6)
  Terence (D:3)
  A hound zombie (D:5)
  18 gnolls
  6 adders
  A shadow imp (D:5)
  An ufetubus (D:5)
  An adder skeleton (D:4)
  5 dart slugs
  13 orcs
  8 bats
  7 endoplasms
  6 giant cockroaches
  8 goblins
  9 hobgoblins
  3 jackals (D:4)
  7 kobolds
  4 quokkas
  8 ball pythons
  3 frilled lizards
  6 rats
139 creatures vanquished.

Vanquished Creatures (others)
  A fungus (D:1)
  A plant (D:1)
2 creatures vanquished.

Grand Total: 141 creatures vanquished

Table legend: (Time is in decaauts)
 A = Elapsed time spent in this place.
 B = Non-inter-level travel time spent in this place.
 C = Inter-level travel time spent in this place.
 D = Time resting spent in this place.
 E = Time spent auto-exploring this place.
 F = Levels seen in this place.
 G = Mean time per level.
                   A        B        C        D        E       F      G
               +--------+--------+--------+--------+--------+-----+--------+
         Total |   7110 |   6902 |    208 |   2142 |   4028 |   7 | 1015.7 |
       Dungeon |   7110 |   6902 |    208 |   2142 |   4028 |   7 | 1015.7 |
               +--------+--------+--------+--------+--------+-----+--------+

Top non-repeatable levels by time:
     D:6: 1555 daAuts
     D:2: 1461 daAuts
     D:3: 1319 daAuts
     D:1: 1055 daAuts
     D:4: 865 daAuts
     D:5: 803 daAuts
     D:7: 49 daAuts

Table legend:
 A = Non-vault XP
 B = Vault XP
 C = Vault XP percentage of total XP
 D = Non-vault monster count
 E = Vault monster count
 F = Vault count percentage of total count
                 A         B        C        D         E       F
            +---------+---------+-------+---------+---------+-------
      Total |    2305 |     654 |  22.1 |     121 |      18 |  12.9
            +---------+---------+-------+---------+---------+-------
        D:1 |      42 |       0 |   0.0 |      23 |       0 |   0.0
        D:2 |     185 |      53 |  22.3 |      21 |      10 |  32.3
        D:3 |     183 |      58 |  24.1 |      20 |       7 |  25.9
        D:4 |     436 |       0 |   0.0 |      28 |       0 |   0.0
        D:5 |     167 |       0 |   0.0 |       7 |       0 |   0.0
        D:6 |    1292 |       0 |   0.0 |      22 |       0 |   0.0
        D:7 |       0 |     543 | 100.0 |       0 |       1 | 100.0
            +---------+---------+-------+---------+---------+-------
